 Dungeon Crawl Stone Soup version 0.26-a0-1181-gd376ed14c5 (webtiles) character file.

Game seed: 692033434931986099

23 runemasterragnar the Vexing (level 3, 0/20 HPs)
             Began as a Kobold Arcane Marksman on Dec 26, 2020.
             Slain by an adder (4 damage)
             ... on level 2 of the Dungeon.
             The game lasted 00:02:15 (1873 turns).

runemasterragnar the Vexing (KoAM)                  Turns: 1873, Time: 00:02:16

Health: 0/20       AC:  1    Str:  7 (8)  XL:     3   Next: 12%
Magic:  3/4        EV: 14    Int: 12 (14) God:
Gold:   73         SH:  0    Dex: 12 (15) Spells: 3/4 levels left

rFire    . . .     SeeInvis .   c - +0 dagger
rCold    . . .     Faith    .   (shield restricted)
rNeg     . . .     Spirit   .   j - -2 leather armour (curse)
rPois    .         Reflect  .   (no helmet)
rElec    .         Harm     .   (no cloak)
rCorr    .         Rampage  .   (no gloves)
Will     .....                  (no boots)
Stlth    ++........             (no amulet)
HPRegen  0.06/turn              (no ring)
MPRegen  0.09/turn              (no ring)

@: lethally poisoned (0 -> -14)
A: small, nightstalker 3
a: no special abilities


You were on level 2 of the Dungeon.
You visited 1 branch of the dungeon, and saw 2 of its levels.

You collected 73 gold pieces.

Inventory:

Hand Weapons
 a - a +0 hand crossbow
 c - a +0 dagger (weapon)
Missiles
 d - 24 bolts
Armour
 e - a +0 robe
 j - a cursed -2 leather armour (worn)
Scrolls
 b - a scroll of amnesia
Potions
 g - a potion of degeneration


   Skills:
 + Level 1.4 Fighting
 * Level 3.1 Crossbows
 + Level 2.7 Dodging
 + Level 1.0 Stealth
 + Level 1.3 Spellcasting
 + Level 3.1 Hexes


You had 3 spell levels left.
You knew the following spells:

 Your Spells              Type           Power        Failure   Level
a - Corona                Hex            8%           12%         1

Your spell library contained the following spells:

 Spells                   Type           Power        Failure   Level
 Slow                     Hex            8%           19%         2
 Inner Flame              Hex/Fire       4%           56%         3
 Portal Projectile        Hex/Tloc       8%           56%         3
 Cause Fear               Hex            4%           77%         4
 Leda's Liquefaction      Hex/Erth       2%           93%         4


Dungeon Overview and Level Annotations

Branches:
Dungeon (2/15)

Altars:


Innate Abilities, Weirdness & Mutations

You are small and have problems with some larger weapons.
You are completely attuned to the shadows.


Message History

The adder poisons you!
You hit the adder.
The adder is severely wounded.
You feel sick. The adder bites you.
You hit the adder.
The adder is almost dead.
You feel sick. The adder misses you.
You barely miss the adder.
The adder is almost dead.
The adder bites you.
* * * LOW HITPOINT WARNING * * *
You are more poisoned.
The adder poisons you!
Unknown command.
It was a potion of degeneration.
There was something very wrong with that liquid.
You feel weakened.
You feel dopey.
You feel clumsy.
* * * LOW HITPOINT WARNING * * *
You feel sick. The adder bites you.
You die...

#.# #.###..#
#.# #..[...#
#.#
###.##.##++#
#.#####
#.##......
#.....#
#.##.#####
#####.#
#.##§§§§..
#<#
#.###§####
#.# ###.§§..
#.# #.@§.§##
#.# #S###.#
#.# $.. .#
###. # #.


You could see an adder (corona).

Vanquished Creatures
  A dart slug (D:1)
  2 giant cockroaches
  4 goblins (D:1)
  A hobgoblin (D:1)
  5 bats
  3 frilled lizards (D:1)
  3 kobolds (D:1)
19 creatures vanquished.

Notes
Turn   | Place    | Note
-------+----------+-------------------------------------------
     0 | D:1      | runemasterragnar the Kobold Arcane Marksman began the quest
                  | for the Orb.
     0 | D:1      | Reached XP level 1. HP: 12/12 MP: 2/2
   167 | D:1      | Reached XP level 2. HP: 6/16 MP: 0/3
  1017 | D:1      | Reached skill level 1 in Stealth
  1231 | D:1      | Reached XP level 3. HP: 20/20 MP: 4/4
  1873 | D:2      | Slain by an adder

Illustrated notes

Levels and vault maps discovered:
D:1:      dpeg_arrival_short_road, layout_basic, minmay_tree_intersection,
          st_stairs_4
D:2:      layout_loops_ring, general_overflow_altar, elyvilon_altar_3,
          uniq_crazy_yiuf_cottage

Skill      XL: |  1  2 |
---------------+-------+-----
Crossbows      | 3 |  3.1
Stealth        | 1 |  1.0
Fighting       | |  1.4
Dodging        | |  2.7
Spellcasting   | |  1.3
Hexes          | |  3.1

Action                   || total
-------------------------++-------
Melee: Dagger            ||    11
 Fire: Hand crossbow     ||    52
 Cast: Corona            ||    15
  Use: Scroll            ||     5
       Potion            ||     1
 Stab: Sleeping          ||     1
Armor: Robe              ||     3
       Leather armour    ||     4
Dodge: Dodged            ||    50

Table legend: (Time is in decaauts)
 A = Elapsed time spent in this place.
 B = Non-inter-level travel time spent in this place.
 C = Inter-level travel time spent in this place.
 D = Time resting spent in this place.
 E = Time spent auto-exploring this place.
 F = Levels seen in this place.
 G = Mean time per level.
                   A        B        C        D        E       F      G
               +--------+--------+--------+--------+--------+-----+--------+
         Total |   1891 |   1831 |     60 |    243 |   1413 |   2 |  945.5 |
       Dungeon |   1891 |   1831 |     60 |    243 |   1413 |   2 |  945.5 |
               +--------+--------+--------+--------+--------+-----+--------+

Top non-repeatable levels by time:
     D:1: 1683 daAuts
     D:2: 207 daAuts
